 Dungeon Crawl Stone Soup version 0.31-a0-1589-g8f5e8aebd6 (webtiles) character file.

Game seed: 18280176643598145622

3 Flugslaktarn the Apothecary (level 1, 0/11 HPs)
             Began as an Octopode Alchemist on Jan 6, 2024.
             Slain by a goblin
             ... wielding a +0 dagger
              (2 damage)
             ... on level 3 of the Dungeon.
             The game lasted 00:00:26 (137 turns).

Flugslaktarn the Apothecary (Octopode Alchemist)     Turns: 137, Time: 00:00:26

Health: 0/11       AC:  1    Str:  7    XL:     1   Next: 50%
Magic:  3/3        EV: 13    Int: 17    God:
Gold:   16         SH:  0    Dex: 12    Spells: 3/4 levels left

rFire   . . .        (no weapon)
rCold   . . .        (no shield)
rNeg    . . .        (helmet restricted)
rPois   .            (no amulet)
rElec   .            (no ring)
rCorr   .            (no ring)
SInv    .            (no ring)
Will    .....        (no ring)
Stlth   +++          (no ring)
HPRegen 0.21/turn    (no ring)
MPRegen 0.08/turn    (no ring)
                     (no ring)

%: no passive effects
@: no status effects
A: almost no armour, amphibious, 8 rings, camouflage 1, gelatinous body 1,
(nimble swimmer 1), tentacles
a: no special abilities


You were on level 3 of the Dungeon.
You visited 1 branch of the dungeon, and saw 3 of its levels.

You collected 16 gold pieces.

Inventory:

Missiles
 b - a throwing net
Scrolls
 c - a scroll of fear {unknown}
Potions
 a - a potion of magic


   Skills:
 - Level 2.0 Dodging
 - Level 2.6 Stealth
 + Level 2.0 Spellcasting
 - Level 1.0 Conjurations
 * Level 3.5 Alchemy


You had 3 spell levels left.
You knew the following spells:

 Your Spells              Type           Power      Damage    Failure   Level
a - Sting                 Conj/Alch      36%        1d5       8%          1

Your spell library contained the following spells:

 Spells                   Type           Power      Damage    Failure   Level
 Mercury Vapours          Alch/Air       14%        N/A       14%         2
 Mephitic Cloud           Conj/Alch/Air  6%         N/A       30%         3
 Olgreb's Toxic Radiance  Alch           13%        N/A       41%         4
 Sticky Flame             Fire/Alch      7%         2d4       67%         4


Dungeon Overview and Level Annotations

Branches:
Dungeon (3/15)

Altars:


Innate Abilities, Weirdness & Mutations

You cannot wear most types of armour.
You are amphibious.
You can wear up to eight rings at the same time.
Your skin changes colour to match your surroundings (Stealth+).
Your rubbery body absorbs attacks. (AC +1, EV +1)
((You are camouflaged when in or above water. (Stealth+)))
You have tentacles for arms and can constrict up to eight enemies at once.


Message History

You can't go down here!
There is a stone staircase leading down here.
You climb downwards.
Found 7 gold pieces.
Found an escape hatch in the ceiling.
There is a stone staircase leading up here.
Unknown command.
A quokka is nearby!
The helpless quokka fails to defend itself.
You tentacle-slap the quokka. Your grab misses the quokka.
The quokka is lightly wounded.
The quokka barely misses you.
You tentacle-slap the quokka but do no damage.
Your grab misses the quokka.
The quokka is lightly wounded.
The quokka bites you but does no damage.
Casting: Sting (safe; 8% risk of failure)
Confirm with . or Enter, or press ? or * to list all spells.
Aiming: Sting (safe; 8% risk of failure)
Press: ? - help, Shift-Dir - straight line, f - quokka
Aim: a quokka (lightly wounded, 56% to hit)
The sting hits the quokka.
The quokka is poisoned.
The quokka is severely wounded.
You kill the quokka!
Casting: Sting (safe; 8% risk of failure)
Confirm with . or Enter, or press ? or * to list all spells.
You don't have enough magic to cast this spell.
There is a stone staircase leading up here.
You now have 7 gold pieces.
Found a leather armour.
Found a ring mail.
Unknown command.
Found a stone staircase leading up.
You now have 16 gold pieces (gained 9).
Unknown command.
Found a stone staircase leading down.
There is a stone staircase leading up here.
You climb upwards.
Found 7 gold pieces.
There is a stone staircase leading down here.
You climb downwards.
There is a stone staircase leading up here.
Found 5 stones.
Found a stone staircase leading up.
There is a stone staircase leading down here.
You climb downwards.
Found a leather armour.
There is a stone staircase leading up here.
Unknown command.
An adder comes into view.
A kobold comes into view. It is wielding a +0 short sword.
Casting: Sting (safe; 8% risk of failure)
Confirm with . or Enter, or press ? or * to list all spells.
Aiming: Sting (safe; 8% risk of failure)
Press: ? - help, Shift-Dir - straight line, f - kobold
Aim: a kobold, wielding a +0 short sword (asleep, 100% to hit)
The sting hits the kobold.
The kobold is poisoned.
You kill the kobold!
The rat squeaks loudly.
A bombardier beetle comes into view.
There is a stone staircase leading up here.
A dart slug comes into view.
A jelly comes into view.
Found 4 stones and a lumpy clear potion.
The jelly quivers.
The dart slug launches a dart at you. The slug dart hits you.
Okay, then.
You aren't carrying any scrolls.
Unknown command.
A goblin comes into view. It is wielding a +0 dagger.
The goblin shouts!
The dart slug barely misses you. The dart slug launches a dart at you.
The slug dart misses you.
A giant cockroach comes into view.
You see here 4 stones.
Found a scroll labelled BAW YDUGINIMAU.
Found 10 gold pieces.
A giant cockroach comes into view.
You see here a scroll labelled BAW YDUGINIMAU.
c - a scroll labelled BAW YDUGINIMAU The rat bites you.
The goblin attacks as it pursues you! The goblin hits you with a +0 dagger.
A goblin comes into view. It is wielding a +0 dagger.
Found 8 gold pieces.
Found an escape hatch in the floor. 2 hobgoblins come into view.
Found a robe.
The goblin shouts!
You hear a shout! x2
A goblin comes into view. It is wielding a +0 dagger.
The hobgoblin shouts!
A goblin comes into view. It is wielding a +0 dagger.
The giant cockroach waves its antennae.
The rat attacks as it pursues you! The rat bites you.
The goblin barely misses you. The goblin attacks as it pursues you!
The goblin hits you with a +0 dagger.
* * * LOW HITPOINT WARNING * * *
A goblin comes into view. It is wielding a +0 dagger of speed.
The rat twitches its whiskers.
The goblin attacks as it pursues you! The goblin hits you with a +0 dagger.
You die...

......................######
............................
....................(.......
.....B..........[...#...####
.....#.#######.#.##.#.#.#
#....#..## #...##...#.#
#.##.......#####...#..#.#.#.
#....###.#..........
#.[@g#.#.#.##.#..
####...wJ.....# #.r..g..##.#
#...##..# # #...###g...
#.... ...$... #...........#
......g.....# .......$..g..#


You could see a jelly, a dart slug, a hobgoblin, 3 goblins and a rat.

Vanquished Creatures
  An endoplasm (D:1)
  A quokka (D:2)
  A kobold (D:3)
3 creatures vanquished.

Notes
Turn   | Place    | Note
-------+----------+-------------------------------------------
     0 | D:1      | Flugslaktarn the Octopode Alchemist began the quest for the
                  | Orb.
     0 | D:1      | Reached XP level 1. HP: 11/11 MP: 3/3
   110 | D:3      | Noticed a bombardier beetle
   113 | D:3      | Noticed a jelly
   137 | D:3      | Slain by a goblin

Illustrated notes

Levels and vault maps discovered:
D:1:      heliophobic_arrival_henge, layout_loops_ring, minmay_misc_feat_iff
D:2:      minmay_general_purpose_star, layout_rooms, basic_altar, serial_shops,
          shop, hellmonk_ecumenical_altar_arch_garden
D:3:      layout_rooms, nicolae_overflow_crystal_walls,
          mainiacjoe_overflow_concentric_impassable, uniq_robin

Action                     || total
---------------------------++-------
  Melee: Unarmed           ||     2
   Cast: Sting             ||     5
   Stab: Sleeping          ||     1
 Armour: Skin              ||     7
  Dodge: Dodged            ||     5

Table legend: (Time is in decaauts)
 A = Elapsed time spent in this place.
 B = Non-inter-level travel time spent in this place.
 C = Inter-level travel time spent in this place.
 D = Time resting spent in this place.
 E = Time spent auto-exploring this place.
 F = Levels seen in this place.
 G = Mean time per level.
                   A        B        C        D        E       F      G
               +--------+--------+--------+--------+--------+-----+--------+
         Total |    136 |    136 |      0 |      0 |     50 |   3 |   45.3 |
       Dungeon |    136 |    136 |      0 |      0 |     50 |   3 |   45.3 |
               +--------+--------+--------+--------+--------+-----+--------+

Top non-repeatable levels by time:
     D:2: 54 daAuts
     D:1: 48 daAuts
     D:3: 33 daAuts
